 Dungeon Crawl Stone Soup version 0.21-a0-517-gd76cfe0 (webtiles) character file.

35674 Firecrotchwizard the Thaumaturge (level 13, -2/91 HPs)
             Began as a Gnoll Skald on Dec 3, 2017.
             Was an Elder of Hepliaklqana.
             Engulfed by a steam dragon's steam (8 damage)
             ... on level 5 of the Lair of Beasts.
             The game lasted 00:49:31 (16280 turns).

Firecrotchwizard the Thaumaturge (Gnoll Skald)     Turns: 16280, Time: 00:49:31

Health: -2/91      AC: 22    Str: 13    XL:     13   Next: 85%
Magic:  23/26      EV: 18    Int: 19    God:    Hepliaklqana [****..]
Gold:   597        SH: 10    Dex: 21    Spells: 12/31 levels left

rFire    . . .     SeeInvis +   V - +6 trident (freeze)
rCold    . . .     Gourm    .   M - +0 buckler
rNeg     + . .     Faith    .   L - +2 ring mail {rPois}
rPois    +         Spirit   .   n - +2 hat {SInv}
rElec    .         Reflect  +   q - +2 cloak
rCorr    .         Harm     .   N - +2 pair of gloves
MR       .....                  O - +2 pair of boots
Stlth    ++++......             u - +3 amulet of reflection
HPRegen  0.25/turn              h - ring of positive energy {rN+}
MPRegen  0.20/turn              S - +4 ring of dexterity

@: singing
A: distributed training, reduced essence, fangs 1, horns 1, shaggy fur 1, strong
nose
a: Recall Ancestor, Ancestor Identity, Transference, Idealise, Renounce Religion


You were on level 5 of the Lair of Beasts.
You worshipped Hepliaklqana.
Hepliaklqana was greatly pleased with you.
You were hungry.

You visited 3 branches of the dungeon, and saw 16 of its levels.

You collected 1019 gold pieces.
You spent 422 gold pieces at shops.

Inventory:

Hand Weapons
 V - a +6 trident of freezing (weapon)
   (You took it off a wight on level 8 of the Dungeon)
Missiles
 P - 2 throwing nets {=f, !d}
Armour
 n - a +2 hat of see invisible (worn)
   (You found it on level 2 of the Dungeon)
 q - a +2 cloak (worn)
   (You found it on level 2 of the Dungeon)
 L - a +2 ring mail of poison resistance (worn)
   (You bought it in a shop on level 8 of the Dungeon)
 M - a +0 buckler (worn)
   (You found it on level 6 of the Dungeon)
 N - a +2 pair of gloves (worn)
   (You found it on level 6 of the Dungeon)
 O - a +2 pair of boots (worn)
   (You found it on level 10 of the Dungeon)
Magical Staves
 s - an uncursed staff of power {MP+17, !a}
   (You found it on level 4 of the Dungeon)
 E - an uncursed staff of poison {rPois}
   (You found it on level 4 of the Lair of Beasts)
 W - an uncursed staff of fire {rF+}
   (You found it on level 2 of the Lair of Beasts)
Jewellery
 h - a ring of positive energy (left hand) {rN+}
   (You found it on level 1 of the Dungeon)
 j - an uncursed ring of protection from cold {rC+, !d}
   (You found it on level 1 of the Dungeon)
 u - a +3 amulet of reflection (around neck)
   (You found it on level 1 of the Lair of Beasts)
 S - a +4 ring of dexterity (right hand)
   (You found it on level 7 of the Dungeon)
Wands
 l - a wand of clouds (6)
   (You bought it in a shop on level 10 of the Dungeon)
 w - a wand of digging (16)
   (You found it on level 4 of the Lair of Beasts)
 x - a wand of paralysis (44)
   (You found it on level 4 of the Dungeon)
 R - a wand of scattershot (5)
   (You found it on level 7 of the Dungeon)
 Z - a wand of polymorph (20)
   (You bought it in a shop on level 10 of the Dungeon)
Scrolls
 f - 2 scrolls of amnesia
 m - 3 scrolls of immolation {!r}
 o - 17 scrolls of identify
 t - a scroll of fog
 v - 8 scrolls of teleportation
 y - 2 scrolls of magic mapping {!r}
 B - a scroll of enchant weapon
 F - 7 scrolls of remove curse
 Y - a scroll of fear
Potions
 a - a potion of berserk rage {unknown}
 b - 2 potions of haste {unknown}
 e - a potion of mutation {!q}
 g - 5 potions of invisibility
 k - a potion of degeneration {unknown}
 p - 4 potions of heal wounds {unknown}
 r - a potion of curing
 A - a potion of agility {unknown}
 D - a potion of cancellation {unknown}
 H - a potion of resistance
 I - a potion of brilliance {unknown}
 U - 2 potions of might {unknown}
 X - a potion of ambrosia {unknown}
Books
 G - a book of Debilitation
   (You found it on level 5 of the Dungeon)
 J - a book of Maledictions
   (You found it on level 8 of the Dungeon)
 K - a book of Misfortune
   (You found it on level 6 of the Dungeon)
 T - a book of Conjurations
   (You found it on level 9 of the Dungeon)
Miscellaneous
 c - a crystal ball of energy
   (You found it on level 2 of the Lair of Beasts)
Comestibles
 d - 12 bread rations {@e1}
 i - 9 meat rations {@e2}
 z - 14 fruits
 C - 6 chunks of flesh {@w0}


   Skills:
 + Level 9.7 Fighting
 + Level 8.5 Short Blades
 + Level 8.5 Long Blades
 + Level 8.5 Axes
 + Level 8.5 Maces & Flails
 + Level 9.7 Polearms
 + Level 8.5 Staves
 + Level 8.5 Slings
 + Level 8.5 Bows
 + Level 8.5 Crossbows
 + Level 8.5 Throwing
 + Level 9.0 Armour
 + Level 9.7 Dodging
 + Level 8.5 Stealth
 + Level 8.5 Shields
 + Level 8.5 Unarmed Combat
 + Level 9.9 Spellcasting
 + Level 7.1 Conjurations
 + Level 7.1 Hexes
 + Level 9.0 Charms
 + Level 7.1 Summonings
 + Level 7.1 Necromancy
 + Level 7.1 Translocations
 + Level 7.1 Transmutations
 + Level 7.1 Fire Magic
 + Level 7.1 Ice Magic
 + Level 7.1 Air Magic
 + Level 7.1 Earth Magic
 + Level 7.1 Poison Magic
 + Level 9.3 Invocations
 + Level 8.5 Evocations


You had 12 spell levels left.
You knew the following spells:

 Your Spells              Type           Power        Failure   Level  Hunger
a - Infusion              Chrm           ####         1%          1    None
b - Blink                 Tloc           N/A          1%          2    None
c - Conjure Flame         Conj/Fire      #####...     2%          3    None
r - Regeneration          Chrm/Necr      #####.....   1%          3    None
s - Shroud of Golubria    Chrm/Tloc      #####.....   1%          2    None
x - Mephitic Cloud        Conj/Pois/Air  #####...     2%          3    None
z - Spectral Weapon       Hex/Chrm       #####...     1%          3    None
S - Song of Slaying       Chrm           #####...     1%          2    None


Dungeon Overview and Level Annotations

Branches:
Dungeon (10/15)            Temple (1/1) D:7            Lair (5/6) D:8
 Shoals (0/4) Lair:4       Spider (0/4) Lair:4          Orc (0/2) D:10
  Slime: Lair:5-6

Altars:
Ashenzari
Dithmenos
Elyvilon
Fedhas
Gozag
Hepliaklqana
Kikubaaqudgha
Makhleb
Nemelex Xobeh
Okawaru
Qazlal
Ru
Sif Muna
Trog
Uskayaw
Vehumet
Wu Jian
Xom
Zin
The Shining One

Shops:
D:7 :   D:8 [   D:9 [   D:10 *

Annotations:
D:5 ShadedKnight's ghost, novice GrCK
D:8 exclusion: Erica, Erica
Lair:3 exclusion: Nergalle, Nergalle


Innate Abilities, Weirdness & Mutations

Your experience applies equally to all skills.
You have very sharp teeth.
Your uncanny sense of smell can sniff out nearby items.
Your life essence is reduced to manifest your ancestor. (-10% HP)
You have a pair of small horns on your head.
You are covered in fur. (AC +1)


Message History

The rime drake is engulfed in a cloud of scalding steam.
The rime drake barely misses you. The steam dragon completely misses you.
You block the steam dragon's attack.
The rime drake is engulfed in a cloud of scalding steam.
The rime drake bites you but does no damage.
You take 4 damage, and have 15/91 hp.
You closely miss the steam dragon. Your headbutt misses the steam dragon.
Your bite misses the steam dragon. You block the steam dragon's attack. x2
The rime drake is engulfed in a cloud of scalding steam.
The rime drake misses you.
The steam dragon bites you but does no damage.
You block the steam dragon's attack.
The rime drake bites you but does no damage.
You miss the rime drake. The rime drake breathes ice at you.
The flash freeze hits you!
You are encased in ice.
The steam dragon misses you. You block the steam dragon's attack.
The rime drake barely misses you.
You puncture the rime drake! You freeze the rime drake.
You headbutt the rime drake, but do no damage.
You block the steam dragon's attack. The steam dragon completely misses you.
The rime drake misses you. The steam dragon misses you.
You block the steam dragon's attack.
You impale the rime drake!!
You kill the rime drake!
Your shroud bends the rime drake's attack away.
You block the steam dragon's attack.
The steam dragon claws you but does no damage.
You closely miss the blink frog. You block the rime drake's attack.
The blink frog blinks!
You block the steam dragon's attack. The steam dragon closely misses you.
The steam dragon bites you but does no damage.
You block the steam dragon's attack.
You hit the steam dragon. You freeze the steam dragon.
The ice encasing you melts away. The rime drake breathes ice at you.
The flash freeze hits you!
* * * LOW HITPOINT WARNING * * *
You are encased in ice.
The steam dragon bites you but does no damage.
The steam dragon claws you but does no damage.
The steam dragon bites you but does no damage.
The steam dragon claws you.
* * * LOW HITPOINT WARNING * * *
You take 5 damage, and have 11/91 hp.
You barely miss the steam dragon. You block the rime drake's attack.
You block the steam dragon's attack.
The steam dragon claws you but does no damage.
The blink frog blinks!
You impale the steam dragon!! You freeze the steam dragon.
You kill the steam dragon!
The rime drake bites you but does no damage.
You block the steam dragon's attack. The steam dragon misses you.
The blink frog blinks!
You draw out your weapon's spirit!
The ice encasing you melts away.
Your shroud bends the rime drake's attack away.
The steam dragon closely misses you. The steam dragon misses you.
The rime drake closely misses you.
You now have 22/26 mp.
You hit the rime drake. You freeze the rime drake.
Your spectral weapon closely misses the rime drake.
The rime drake bites you but does no damage.
You block the steam dragon's attack. The steam dragon completely misses you.
You puncture the rime drake! You freeze the rime drake.
Your spectral weapon closely misses the rime drake.
The blink frog blinks!
The rime drake bites you but does no damage.
You hit the rime drake.
You headbutt the rime drake, but do no damage.
You bite the rime drake.
You kill the rime drake!
You block the steam dragon's attack. The steam dragon closely misses you.
The steam dragon barely misses you. You block the steam dragon's attack.
You are too injured to fight recklessly!
You hit the blink frog.
The blink frog seems to slow down.
You freeze the blink frog. Your headbutt misses the blink frog.
Your spectral weapon hits the blink frog!
The blink frog seems to slow down.
Your spectral weapon freezes the blink frog.
The steam dragon breathes steam at you. The ball of steam misses you.
The blink frog misses your spectral weapon.
You puncture the blink frog!
The blink frog seems to slow down.
You freeze the blink frog. Your headbutt misses the blink frog.
You are engulfed in a cloud of scalding steam.
Your spectral weapon hits the blink frog!
Your spectral weapon freezes the blink frog.
You kill the blink frog!
Your Armour skill increases to level 9!
The steam dragon bites you!
* * * LOW HITPOINT WARNING * * *
Your shroud falls apart!
You block the steam dragon's attack.
You take 7 damage, and have 6/91 hp.
You puncture the steam dragon! You freeze the steam dragon.
You headbutt the steam dragon.
You are engulfed in a cloud of scalding steam.
You die...

.......#.##P.......#....
........###P..........#
.......## #....#..##..#.
.......# ##..#.........
........ ##..##...P..#.
.P...... #...#P........
.PP##..###.#............
##....#(†....P.
##..P#@†P.....
#....#[D##.... .....
#[†...... .....
...P#.... .... #...##
... ....) P. .....P. .
....... .........


You could see a steam dragon and a friendly spectral trident of freezing.

Vanquished Creatures
  Erolcha (D:9)
  The ghost of marcb3 the Fighter, a journeyman GrFi of Makhleb (Lair:1)
  4 two-headed ogres
  3 death yaks (Lair:3)
  Pikel (D:8)
  A deep elf mage (D:10)
  A black mamba (Lair:1)
  Joseph (D:9)
  A centaur skeleton (D:10)
  3 spiny frogs
  3 rime drakes (Lair:5)
  8 komodo dragons
  A polar bear (Lair:3)
  3 blink frogs
  9 dream sheep (Lair:4)
  4 hippogriffs
  A wraith (D:10)
  2 basilisks
  A wyvern (Lair:3)
  23 yaks
  Eustachio (D:5)
  2 steam dragons (Lair:5)
  7 water moccasins
  6 porcupines
  An ice beast (D:9)
  9 orc warriors
  An eye of draining (D:9)
  2 ogres (D:9)
  8 wolves
  7 centaurs
  8 crocodiles
  A big kobold (D:6)
  15 bullfrogs
  3 scorpions
  2 jellies
  7 wights
  A vampire bat (Lair:2)
  4 howler monkeys
  An electric eel (Lair:2)
  2 crimson imps
  5 orc priests
  2 hounds (D:6)
  7 orc wizards
  Jessica (D:3)
  A bullfrog skeleton (D:7)
  An iguana (D:4)
  9 worker ants
  A killer bee zombie (D:8)
  A worker ant zombie (D:6)
  6 gnolls
  11 adders
  2 shadow imps
  2 oozes
  2 adder skeletons
  A worm (D:2)
  3 dart slugs
  4 leopard geckos
  34 orcs
  A ball python (D:2)
  20 bats
  4 giant cockroaches
  13 goblins
  11 hobgoblins
  8 jackals
  4 quokkas
  3 frilled lizards
  A giant cockroach zombie (D:5)
  30 kobolds
  9 rats
  A fungus (Lair:3)
358 creatures vanquished.

Vanquished Creatures (collateral kills)
  A hydra (Lair:4)
  3 death yaks (Lair:3)
  An oklob plant (Lair:4)
  2 spiny frogs
  A rime drake (Lair:5)
  2 komodo dragons
  7 blink frogs
  4 dream sheep (Lair:4)
  3 hippogriffs
  6 yaks
  A basilisk (Lair:3)
  A steam dragon (Lair:5)
  6 water moccasins
  3 porcupines
  An ice beast (D:10)
  An orc warrior (D:10)
  4 wolves
  A centaur (D:10)
  3 crocodiles
  5 bullfrogs
  2 electric eels
  2 orc priests (D:10)
  A bullfrog skeleton (D:9)
  2 orc wizards (D:10)
  A worker ant zombie (D:8)
  An adder (D:10)
  An orc (D:10)
  A fungus (Lair:1)
  A plant (Lair:4)
68 creatures vanquished.

Vanquished Creatures (others)
  A slave (D:8)
  6 battlemagi
  4 fungi
  A plant (Lair:3)
  15 spectral weapons
27 creatures vanquished.

Grand Total: 453 creatures vanquished

Notes
Turn   | Place    | Note
-------+----------+-------------------------------------------
     0 | D:1      | Firecrotchwizard the Gnoll Skald began the quest for the Orb.
     0 | D:1      | Reached XP level 1. HP: 20/20 MP: 6/6
    85 | D:1      | Reached XP level 2. HP: 26/26 MP: 7/7
   108 | D:1      | Learned a level 2 spell: Song of Slaying
   112 | D:1      | Learned a level 2 spell: Shroud of Golubria
   690 | D:1      | Reached XP level 3. HP: 31/31 MP: 5/9
   782 | D:1      | Reached skill level 5 in Spellcasting
   787 | D:1      | Learned a level 3 spell: Regeneration
   791 | D:1      | Learned a level 3 spell: Spectral Weapon
  1000 | D:1      | Reached skill level 1 in Invocations
  1111 | D:2      | Reached skill level 1 in Short Blades
  1111 | D:2      | Reached skill level 1 in Long Blades
  1111 | D:2      | Reached skill level 1 in Axes
  1111 | D:2      | Reached skill level 1 in Maces & Flails
  1111 | D:2      | Reached skill level 1 in Staves
  1111 | D:2      | Reached skill level 1 in Slings
  1111 | D:2      | Reached skill level 1 in Bows
  1111 | D:2      | Reached skill level 1 in Crossbows
  1111 | D:2      | Reached skill level 1 in Throwing
  1111 | D:2      | Reached skill level 1 in Stealth
  1111 | D:2      | Reached skill level 1 in Shields
  1111 | D:2      | Reached skill level 1 in Unarmed Combat
  1111 | D:2      | Reached skill level 1 in Evocations
  1111 | D:2      | Reached XP level 4. HP: 33/38 MP: 3/11
  1546 | D:2      | Reached skill level 1 in Conjurations
  1546 | D:2      | Reached skill level 1 in Hexes
  1546 | D:2      | Reached skill level 1 in Summonings
  1546 | D:2      | Reached skill level 1 in Necromancy
  1546 | D:2      | Reached skill level 1 in Translocations
  1546 | D:2      | Reached skill level 1 in Transmutations
  1546 | D:2      | Reached skill level 1 in Fire Magic
  1546 | D:2      | Reached skill level 1 in Ice Magic
  1546 | D:2      | Reached skill level 1 in Air Magic
  1546 | D:2      | Reached skill level 1 in Earth Magic
  1546 | D:2      | Reached skill level 1 in Poison Magic
  1719 | D:2      | Found a blossoming altar of Fedhas.
  1720 | D:2      | Found an ancient bone altar of Kikubaaqudgha.
  1937 | D:2      | Found a white marble altar of Elyvilon.
  2027 | D:2      | Reached XP level 5. HP: 43/43 MP: 12/12
  2331 | D:3      | Noticed Jessica
  2346 | D:3      | Killed Jessica
  2346 | D:3      | Reached skill level 3 in Armour
  3123 | D:3      | Reached XP level 6. HP: 41/50 MP: 13/13
  3362 | D:4      | Reached skill level 2 in Invocations
  3542 | D:4      | Reached skill level 5 in Fighting
  3542 | D:4      | Reached skill level 2 in Short Blades
  3542 | D:4      | Reached skill level 2 in Long Blades
  3542 | D:4      | Reached skill level 2 in Axes
  3542 | D:4      | Reached skill level 2 in Maces & Flails
  3542 | D:4      | Reached skill level 5 in Polearms
  3542 | D:4      | Reached skill level 2 in Staves
  3542 | D:4      | Reached skill level 2 in Slings
  3542 | D:4      | Reached skill level 2 in Bows
  3542 | D:4      | Reached skill level 2 in Crossbows
  3542 | D:4      | Reached skill level 2 in Throwing
  3542 | D:4      | Reached skill level 5 in Dodging
  3542 | D:4      | Reached skill level 2 in Stealth
  3542 | D:4      | Reached skill level 2 in Shields
  3542 | D:4      | Reached skill level 2 in Unarmed Combat
  3542 | D:4      | Reached skill level 2 in Evocations
  4140 | D:5      | Entered Level 5 of the Dungeon
  4218 | D:5      | Found an opulent altar of Gozag.
  4327 | D:5      | Found a burning altar of Makhleb.
  4341 | D:5      | Reached XP level 7. HP: 56/56 MP: 9/15
  4348 | D:5      | Noticed ShadedKnight's ghost (novice GrCK)
  4738 | D:5      | Found a hide-covered altar of Uskayaw.
  4740 | D:5      | Noticed a hippogriff
  4743 | D:5      | Noticed Eustachio
  4751 | D:5      | Killed a hippogriff
  4751 | D:5      | Reached skill level 2 in Conjurations
  4751 | D:5      | Reached skill level 2 in Hexes
  4751 | D:5      | Reached skill level 2 in Summonings
  4751 | D:5      | Reached skill level 2 in Necromancy
  4751 | D:5      | Reached skill level 2 in Translocations
  4751 | D:5      | Reached skill level 2 in Transmutations
  4751 | D:5      | Reached skill level 2 in Fire Magic
  4751 | D:5      | Reached skill level 2 in Ice Magic
  4751 | D:5      | Reached skill level 2 in Air Magic
  4751 | D:5      | Reached skill level 2 in Earth Magic
  4751 | D:5      | Reached skill level 2 in Poison Magic
  4763 | D:5      | Killed Eustachio
  4948 | D:5      | Found a glowing silver altar of Zin.
  4948 | D:5      | Noticed an angel
  4948 | D:5      | Noticed a green death
  5172 | D:5      | Reached skill level 3 in Invocations
  5210 | D:5      | Reached XP level 8. HP: 58/63 MP: 10/16
  5240 | D:6      | Found a shimmering altar of Xom.
  5330 | D:6      | Reached skill level 4 in Armour
  5330 | D:6      | Reached skill level 6 in Charms
  5335 | D:6      | Reached skill level 3 in Short Blades
  5335 | D:6      | Reached skill level 3 in Long Blades
  5335 | D:6      | Reached skill level 3 in Axes
  5335 | D:6      | Reached skill level 3 in Maces & Flails
  5335 | D:6      | Reached skill level 3 in Staves
  5335 | D:6      | Reached skill level 3 in Slings
  5335 | D:6      | Reached skill level 3 in Bows
  5335 | D:6      | Reached skill level 3 in Crossbows
  5335 | D:6      | Reached skill level 3 in Throwing
  5335 | D:6      | Reached skill level 3 in Stealth
  5335 | D:6      | Reached skill level 3 in Shields
  5335 | D:6      | Reached skill level 3 in Unarmed Combat
  5335 | D:6      | Reached skill level 3 in Evocations
  5423 | D:6      | Reached skill level 6 in Spellcasting
  5922 | D:6      | Found a sacrificial altar of Ru.
  6050 | D:6      | Found a bloodstained altar of Trog.
  6590 | D:7      | Reached skill level 3 in Conjurations
  6590 | D:7      | Reached skill level 3 in Hexes
  6590 | D:7      | Reached skill level 3 in Summonings
  6590 | D:7      | Reached skill level 3 in Necromancy
  6590 | D:7      | Reached skill level 3 in Translocations
  6590 | D:7      | Reached skill level 3 in Transmutations
  6590 | D:7      | Reached skill level 3 in Fire Magic
  6590 | D:7      | Reached skill level 3 in Ice Magic
  6590 | D:7      | Reached skill level 3 in Air Magic
  6590 | D:7      | Reached skill level 3 in Earth Magic
  6590 | D:7      | Reached skill level 3 in Poison Magic
  6590 | D:7      | Reached skill level 4 in Invocations
  6748 | D:7      | Found a stormy altar of Qazlal.
  6761 | D:7      | Reached skill level 6 in Fighting
  6761 | D:7      | Reached skill level 6 in Polearms
  6761 | D:7      | Reached skill level 6 in Dodging
  6761 | D:7      | Reached XP level 9. HP: 53/69 MP: 11/18
  7204 | D:7      | Found a staircase to the Ecumenical Temple.
  7251 | D:7      | Reached skill level 4 in Short Blades
  7251 | D:7      | Reached skill level 4 in Long Blades
  7251 | D:7      | Reached skill level 4 in Axes
  7251 | D:7      | Reached skill level 4 in Maces & Flails
  7251 | D:7      | Reached skill level 4 in Staves
  7251 | D:7      | Reached skill level 4 in Slings
  7251 | D:7      | Reached skill level 4 in Bows
  7251 | D:7      | Reached skill level 4 in Crossbows
  7251 | D:7      | Reached skill level 4 in Throwing
  7251 | D:7      | Reached skill level 4 in Stealth
  7251 | D:7      | Reached skill level 4 in Shields
  7251 | D:7      | Reached skill level 4 in Unarmed Combat
  7251 | D:7      | Reached skill level 4 in Evocations
  7560 | D:7      | Found Zosmeash's Book Emporium.
  7567 | D:7      | Learned a level 3 spell: Mephitic Cloud
  8006 | D:8      | Reached skill level 5 in Armour
  8068 | D:8      | Noticed a two-headed ogre
  8077 | D:8      | Killed a two-headed ogre
  8077 | D:8      | Reached skill level 5 in Invocations
  8179 | D:8      | Reached XP level 10. HP: 33/77 MP: 16/20
  8208 | D:8      | Reached skill level 7 in Spellcasting
  8262 | D:8      | Reached skill level 4 in Conjurations
  8262 | D:8      | Reached skill level 4 in Hexes
  8262 | D:8      | Reached skill level 4 in Summonings
  8262 | D:8      | Reached skill level 4 in Necromancy
  8262 | D:8      | Reached skill level 4 in Translocations
  8262 | D:8      | Reached skill level 4 in Transmutations
  8262 | D:8      | Reached skill level 4 in Fire Magic
  8262 | D:8      | Reached skill level 4 in Ice Magic
  8262 | D:8      | Reached skill level 4 in Air Magic
  8262 | D:8      | Reached skill level 4 in Earth Magic
  8262 | D:8      | Reached skill level 4 in Poison Magic
  8304 | D:8      | HP: 17/77 [orc warrior/scimitar (6)]
  8309 | D:8      | Gained mutation: Scrolls take you a little longer to read. [potion of mutation]
  8309 | D:8      | Gained mutation: You are resistant to electric shocks. (rElec) [potion of mutation]
  8309 | D:8      | Gained mutation: You are somewhat resistant to further mutation. [potion of mutation]
  8312 | D:8      | HP: 11/77 [orc warrior/scimitar (11)]
  8574 | D:8      | Lost mutation: Scrolls take you a little longer to read. [potion of mutation]
  8574 | D:8      | Lost mutation: You are resistant to electric shocks. (rElec) [potion of mutation]
  8574 | D:8      | Lost mutation: You are somewhat resistant to further mutation. [potion of mutation]
  8574 | D:8      | Gained mutation: You possess an exceptional clarity of mind. [potion of mutation]
  8574 | D:8      | Gained mutation: You are partially covered in slimy green scales. (AC +2) [potion of mutation]
  8574 | D:8      | Gained mutation: You are frail. (-10% HP) [potion of mutation]
  8574 | D:8      | Gained mutation: You have an increased reservoir of magic. (+10% MP) [potion of mutation]
  8591 | D:8      | Noticed a two-headed ogre
  8599 | D:8      | Killed a two-headed ogre
  8599 | D:8      | Reached skill level 5 in Short Blades
  8599 | D:8      | Reached skill level 5 in Long Blades
  8599 | D:8      | Reached skill level 5 in Axes
  8599 | D:8      | Reached skill level 5 in Maces & Flails
  8599 | D:8      | Reached skill level 5 in Staves
  8599 | D:8      | Reached skill level 5 in Slings
  8599 | D:8      | Reached skill level 5 in Bows
  8599 | D:8      | Reached skill level 5 in Crossbows
  8599 | D:8      | Reached skill level 5 in Throwing
  8599 | D:8      | Reached skill level 5 in Stealth
  8599 | D:8      | Reached skill level 5 in Shields
  8599 | D:8      | Reached skill level 5 in Unarmed Combat
  8599 | D:8      | Reached skill level 7 in Charms
  8599 | D:8      | Reached skill level 5 in Evocations
  8824 | D:8      | Noticed Pikel
  8840 | D:8      | Killed Pikel
  8840 | D:8      | Reached skill level 7 in Fighting
  8840 | D:8      | Reached skill level 7 in Polearms
  8840 | D:8      | Reached skill level 7 in Dodging
  8901 | Temple   | Entered the Ecumenical Temple
  9049 | Temple   | Became a worshipper of Hepliaklqana the Forgotten
  9081 | D:8      | Found Tyge's Armour Shop.
  9112 | D:8      | Learned a level 3 spell: Conjure Flame
  9170 | D:8      | Noticed Erica
  9456 | D:8      | Found a staircase to the Lair.
  9506 | D:8      | You fall through a shaft!
  9523 | D:9      | Reached skill level 6 in Armour
  9626 | D:9      | Found Yheryomm's Armour Shop.
  9687 | D:9      | Noticed a two-headed ogre
  9696 | D:9      | Killed a two-headed ogre
  9696 | D:9      | Reached skill level 6 in Invocations
  9740 | D:9      | Noticed a two-headed ogre
  9750 | D:9      | Killed a two-headed ogre
  9750 | D:9      | Reached XP level 11. HP: 67/67 MP: 9/24
  9791 | D:9      | Reached * piety under Hepliaklqana
  9810 | D:9      | Noticed Joseph
  9828 | D:9      | Killed Joseph
  9954 | D:9      | Noticed Erolcha
  9966 | D:9      | Killed Erolcha
 10093 | D:9      | Found a radiant altar of Vehumet.
 10095 | D:9      | Found a shadowy altar of Dithmenos.
 10100 | D:9      | Reached skill level 6 in Short Blades
 10100 | D:9      | Reached skill level 6 in Long Blades
 10100 | D:9      | Reached skill level 6 in Axes
 10100 | D:9      | Reached skill level 6 in Maces & Flails
 10100 | D:9      | Reached skill level 6 in Staves
 10100 | D:9      | Reached skill level 6 in Slings
 10100 | D:9      | Reached skill level 6 in Bows
 10100 | D:9      | Reached skill level 6 in Crossbows
 10100 | D:9      | Reached skill level 6 in Throwing
 10100 | D:9      | Reached skill level 6 in Stealth
 10100 | D:9      | Reached skill level 6 in Shields
 10100 | D:9      | Reached skill level 6 in Unarmed Combat
 10100 | D:9      | Reached skill level 6 in Evocations
 10573 | D:10     | Entered Level 10 of the Dungeon
 10596 | D:10     | Reached skill level 5 in Conjurations
 10596 | D:10     | Reached skill level 5 in Hexes
 10596 | D:10     | Reached skill level 5 in Summonings
 10596 | D:10     | Reached skill level 5 in Necromancy
 10596 | D:10     | Reached skill level 5 in Translocations
 10596 | D:10     | Reached skill level 5 in Transmutations
 10596 | D:10     | Reached skill level 5 in Fire Magic
 10596 | D:10     | Reached skill level 5 in Ice Magic
 10596 | D:10     | Reached skill level 5 in Air Magic
 10596 | D:10     | Reached skill level 5 in Earth Magic
 10596 | D:10     | Reached skill level 5 in Poison Magic
 10607 | D:10     | Lost mutation: You possess an exceptional clarity of mind. [potion of mutation]
 10607 | D:10     | Lost mutation: You are frail. (-10% HP) [potion of mutation]
 10607 | D:10     | Lost mutation: You have an increased reservoir of magic. (+10% MP) [potion of mutation]
 10607 | D:10     | Lost mutation: You are partially covered in slimy green scales. (AC +2) [potion of mutation]
 10607 | D:10     | Gained mutation: You are covered in fur. (AC +1) [potion of mutation]
 10607 | D:10     | Gained mutation: You have a pair of small horns on your head. [potion of mutation]
 10861 | D:10     | Reached skill level 8 in Spellcasting
 11007 | D:10     | Reached ** piety under Hepliaklqana
 11021 | D:10     | Remembered your ancestor Qitarah as a battlemage
 11219 | D:10     | Found a sparkling altar of Nemelex Xobeh.
 11219 | D:10     | Noticed a deep elf mage
 11228 | D:10     | Killed a deep elf mage
 11228 | D:10     | Reached skill level 7 in Invocations
 11394 | D:10     | Found Duedynof's Assorted Antiques.
 11402 | D:10     | Bought a brass wand for 88 gold pieces
 11402 | D:10     | Bought a potion of curing for 66 gold pieces
 11402 | D:10     | Bought a forked silver wand for 88 gold pieces
 11479 | D:10     | Found a staircase to the Orcish Mines.
 11607 | D:10     | Reached skill level 8 in Fighting
 11607 | D:10     | Reached skill level 8 in Polearms
 11607 | D:10     | Reached skill level 7 in Armour
 11607 | D:10     | Reached skill level 8 in Dodging
 11701 | Lair:1   | Entered Level 1 of the Lair of Beasts
 11735 | Lair:1   | Found a glowing golden altar of the Shining One.
 11735 | Lair:1   | Noticed marcb3's ghost (journeyman GrFi)
 11749 | Lair:1   | Killed marcb3's ghost
 11866 | Lair:1   | Reached XP level 12. HP: 69/83 MP: 20/24
 11873 | Lair:1   | HP: 15/83 [spiny frog (6)]
 11880 | Lair:1   | HP: 13/83 [komodo dragon (10)]
 11881 | Lair:1   | HP: 5/83 [wolf (9)]
 11887 | Lair:1   | Reached skill level 8 in Charms
 11891 | Lair:1   | HP: 2/83 [komodo dragon (10)]
 12231 | Lair:1   | Reached skill level 7 in Short Blades
 12231 | Lair:1   | Reached skill level 7 in Long Blades
 12231 | Lair:1   | Reached skill level 7 in Axes
 12231 | Lair:1   | Reached skill level 7 in Maces & Flails
 12231 | Lair:1   | Reached skill level 7 in Staves
 12231 | Lair:1   | Reached skill level 7 in Slings
 12231 | Lair:1   | Reached skill level 7 in Bows
 12231 | Lair:1   | Reached skill level 7 in Crossbows
 12231 | Lair:1   | Reached skill level 7 in Throwing
 12231 | Lair:1   | Reached skill level 7 in Stealth
 12231 | Lair:1   | Reached skill level 7 in Shields
 12231 | Lair:1   | Reached skill level 7 in Unarmed Combat
 12231 | Lair:1   | Reached skill level 7 in Evocations
 12243 | Lair:1   | Learned a level 2 spell: Blink
 12426 | D:8      | Bought a +2 ring mail of poison resistance for 180 gold pieces
 12958 | Lair:2   | Reached *** piety under Hepliaklqana
 12992 | Lair:2   | Reached skill level 6 in Conjurations
 12992 | Lair:2   | Reached skill level 6 in Hexes
 12992 | Lair:2   | Reached skill level 6 in Summonings
 12992 | Lair:2   | Reached skill level 6 in Necromancy
 12992 | Lair:2   | Reached skill level 6 in Translocations
 12992 | Lair:2   | Reached skill level 6 in Transmutations
 12992 | Lair:2   | Reached skill level 6 in Fire Magic
 12992 | Lair:2   | Reached skill level 6 in Ice Magic
 12992 | Lair:2   | Reached skill level 6 in Air Magic
 12992 | Lair:2   | Reached skill level 6 in Earth Magic
 12992 | Lair:2   | Reached skill level 6 in Poison Magic
 13235 | Lair:2   | Found a blossoming altar of Fedhas.
 13317 | Lair:2   | Reached skill level 8 in Invocations
 13435 | Lair:2   | Found the +9 staff of Wucad Mu {channel}
 13439 | Lair:2   | Reached skill level 9 in Spellcasting
 13776 | Lair:3   | Noticed Nergalle
 13836 | Lair:3   | Reached skill level 8 in Armour
 13940 | Lair:3   | Noticed a death yak
 13990 | Lair:3   | Reached skill level 9 in Fighting
 13990 | Lair:3   | Reached skill level 9 in Polearms
 13990 | Lair:3   | Reached skill level 9 in Dodging
 14181 | Lair:3   | Noticed a death yak
 14184 | Lair:3   | Noticed a death yak
 14184 | Lair:3   | Noticed a death yak
 14186 | Lair:3   | Noticed a death yak
 14194 | Lair:3   | Killed a death yak
 14194 | Lair:3   | Reached XP level 13. HP: 62/90 MP: 16/26
 14639 | Lair:4   | Reached skill level 8 in Short Blades
 14639 | Lair:4   | Reached skill level 8 in Long Blades
 14639 | Lair:4   | Reached skill level 8 in Axes
 14639 | Lair:4   | Reached skill level 8 in Maces & Flails
 14639 | Lair:4   | Reached skill level 8 in Staves
 14639 | Lair:4   | Reached skill level 8 in Slings
 14639 | Lair:4   | Reached skill level 8 in Bows
 14639 | Lair:4   | Reached skill level 8 in Crossbows
 14639 | Lair:4   | Reached skill level 8 in Throwing
 14639 | Lair:4   | Reached skill level 8 in Stealth
 14639 | Lair:4   | Reached skill level 8 in Shields
 14639 | Lair:4   | Reached skill level 8 in Unarmed Combat
 14639 | Lair:4   | Reached skill level 8 in Evocations
 14642 | Lair:4   | HP: 20/90 [dream sheep (4)]
 14649 | Lair:4   | HP: 17/90 [dream sheep (4)]
 14904 | Lair:4   | Found a staircase to the Shoals.
 15137 | Lair:4   | Reached **** piety under Hepliaklqana
 15290 | Lair:4   | Reached skill level 9 in Invocations
 15381 | Lair:4   | HP: 14/90 [acid (14)]
 15923 | Lair:4   | Found a hole to the Spider Nest.
 16223 | Lair:5   | Reached skill level 7 in Conjurations
 16223 | Lair:5   | Reached skill level 7 in Hexes
 16223 | Lair:5   | Reached skill level 9 in Charms
 16223 | Lair:5   | Reached skill level 7 in Summonings
 16223 | Lair:5   | Reached skill level 7 in Necromancy
 16223 | Lair:5   | Reached skill level 7 in Translocations
 16223 | Lair:5   | Reached skill level 7 in Transmutations
 16223 | Lair:5   | Reached skill level 7 in Fire Magic
 16223 | Lair:5   | Reached skill level 7 in Ice Magic
 16223 | Lair:5   | Reached skill level 7 in Air Magic
 16223 | Lair:5   | Reached skill level 7 in Earth Magic
 16223 | Lair:5   | Reached skill level 7 in Poison Magic
 16257 | Lair:5   | HP: 18/91 [rime drake/flash freeze (22)]
 16264 | Lair:5   | HP: 15/91 [steam dragon] (4)]
 16270 | Lair:5   | HP: 14/91 [rime drake/flash freeze (2)]
 16279 | Lair:5   | Reached skill level 9 in Armour
 16279 | Lair:5   | HP: 6/91 [steam dragon (7)]
 16280 | Lair:5   | Engulfed by a steam dragon's steam

Vault maps used:
D:1:      giann_bridges, minmay_tetromino_l2
D:2:      grunt_temple_overflow_growth_and_decay, lemuel_crystal_altar,
          grunt_ministairs_15
D:3:      uniq_jessica
D:4:      patterned_corridor
D:5:      grunt_temple_overflow_order_and_chaos_2, basic_altar, first_bread,
          nicolae_gozag_cash_rules_everything_around_me, uniq_eustachio
D:6:      kennysheep_kobold_camp, kennysheep_little_box,
          nicolae_overflow_crystal_walls, xom_teletrap_fun
D:7:      kennysheep_mini, minmay_temple_entry_from_below_a, serial_shops, shop
D:8:      grunt_lair_entry_orc_guard_hut, serial_shops, shop,
          blue_anna_alchemist, uniq_pikel, uniq_erica
D:9:      gammafunk_temple_overflow_pools, serial_shops, nicolae_shop_crystal,
          uniq_joseph, uniq_erolcha
D:10:     erik_orc_2, serial_shops, shop, david_defended_altar_elf
Temple:   hc_temple_tempest_star
Lair:1:   basic_altar, beast_lair_carwin_9
Lair:2:   basic_altar, roderic_batcave, beast_lair_carwin_5,
          infiniplex_staircase_pool, lemuel_fruit_fields
Lair:3:   uniq_nergalle
Lair:4:   elwin_shoals_entry_rocks, dummy_spider_entry, minmay_lair_oklob_items,
          nicolae_quartered_pool_super, grunt_megastairs_3, lemuel_fruit_fields
Lair:5:   minmay_slime_entry_pillars, bobbens_dragon_lair_wall, uniq_snorg

Skill      XL: |  1  2  3  4  5  6  7  8  9 10 11 12 13 |
---------------+----------------------------------------+-----
Spellcasting   | 5 6 7 8 9 |  9.9
Invocations    | 1 2 3 4 5 6 7 8 9 |  9.3
Short Blades   | 1 2 3 4 5 6 7 8 |  8.5
Long Blades    | 1 2 3 4 5 6 7 8 |  8.5
Axes           | 1 2 3 4 5 6 7 8 |  8.5
Maces & Flails | 1 2 3 4 5 6 7 8 |  8.5
Staves         | 1 2 3 4 5 6 7 8 |  8.5
Slings         | 1 2 3 4 5 6 7 8 |  8.5
Bows           | 1 2 3 4 5 6 7 8 |  8.5
Crossbows      | 1 2 3 4 5 6 7 8 |  8.5
Throwing       | 1 2 3 4 5 6 7 8 |  8.5
Stealth        | 1 2 3 4 5 6 7 8 |  8.5
Shields        | 1 2 3 4 5 6 7 8 |  8.5
Unarmed Combat | 1 2 3 4 5 6 7 8 |  8.5
Evocations     | 1 2 3 4 5 6 7 8 |  8.5
Conjurations   | 1 2 3 4 5 6 7 |  7.1
Hexes          | 1 2 3 4 5 6 7 |  7.1
Summonings     | 1 2 3 4 5 6 7 |  7.1
Necromancy     | 1 2 3 4 5 6 7 |  7.1
Translocations | 1 2 3 4 5 6 7 |  7.1
Transmutations | 1 2 3 4 5 6 7 |  7.1
Fire Magic     | 1 2 3 4 5 6 7 |  7.1
Ice Magic      | 1 2 3 4 5 6 7 |  7.1
Air Magic      | 1 2 3 4 5 6 7 |  7.1
Earth Magic    | 1 2 3 4 5 6 7 |  7.1
Poison Magic   | 1 2 3 4 5 6 7 |  7.1
Armour         | 3 4 5 6 7 8 9 |  9.0
Fighting       | 5 6 7 8 9 |  9.7
Polearms       | 5 6 7 8 9 |  9.7
Dodging        | 5 6 7 8 9 |  9.7
Charms         | 6 7 8 9 |  9.0

Action                   |  1- 3 |  4- 6 |  7- 9 | 10-12 | 13-15 || total
-------------------------+-------+-------+-------+-------+-------++-------
Melee: Spear             |    34 |       |       |       |       ||    34
       Bite              |    12 |    26 |    48 |    64 |    16 ||   166
       Dagger            |   107 |   255 |   280 |       |       ||   642
       Punch             |       |     2 |     5 |       |       ||     7
       Trident           |       |    20 |    24 |   497 |   171 ||   712
       Short sword       |       |       |    65 |       |       ||    65
       Headbutt          |       |       |       |    74 |    39 ||   113
 Cast: Infusion          |     6 |    11 |    20 |    18 |     2 ||    57
       Shroud of Golubri |     4 |     6 |    12 |    26 |     8 ||    56
       Spectral Weapon   |       |     4 |     7 |    27 |    10 ||    48
       Song of Slaying   |       |       |     2 |     3 |     3 ||     8
       Mephitic Cloud    |       |       |       |     1 |       ||     1
       Blink             |       |       |       |       |     4 ||     4
Invok: Recall Ancestor   |       |       |       |     2 |     1 ||     3
       Ancestor Life: Ba |       |       |       |     1 |       ||     1
Evoke: Wand              |       |       |     2 |       |       ||     2
  Use: Scroll            |     1 |     5 |       |    11 |     2 ||    19
       Potion            |       |       |       |     7 |     1 ||     8
 Stab: Sleeping          |     2 |     5 |     2 |    15 |     3 ||    27
       Distracted        |       |     1 |     3 |    10 |     2 ||    16
       Invisible         |       |       |       |     4 |       ||     4
  Eat: Chunk             |     1 |     9 |     8 |    15 |     3 ||    36
       Royal jelly       |       |       |     3 |     1 |       ||     4
       Fruit             |       |       |       |     3 |     4 ||     7
Armor: Leather armour    |    25 |    36 |       |       |       ||    61
       Ring mail         |       |    13 |    82 |    82 |    41 ||   218
Dodge: Dodged            |   102 |   149 |   210 |   198 |    78 ||   737
Block: Buckler           |       |       |    12 |   139 |    75 ||   226
       Reflection        |       |       |       |       |     1 ||     1

Table legend:
 A = Spawn XP
 B = Non-spawn XP
 C = Spawn XP percentage of total XP
 D = Spawn monster count
 E = Non-spawn monster count
 F = Spawn count percentage of total count
 G = Total turns spent on level
                    A         B        C        D         E        F      G
               +---------+---------+-------+---------+---------+-------+---------
         Total |       0 |   50964 |   0.0 |       0 |     423 |   0.0 | 16280
               +---------+---------+-------+---------+---------+-------+---------
           D:1 |       0 |      60 |   0.0 |       0 |      27 |   0.0 |  1000
           D:2 |       0 |     141 |   0.0 |       0 |      27 |   0.0 |  1293
           D:3 |       0 |     119 |   0.0 |       0 |      33 |   0.0 |   886
           D:4 |       0 |     216 |   0.0 |       0 |       6 |   0.0 |  1233
           D:5 |       0 |     671 |   0.0 |       0 |       9 |   0.0 |   815
           D:6 |       0 |     951 |   0.0 |       0 |      38 |   0.0 |  1361
           D:7 |       0 |    1025 |   0.0 |       0 |      28 |   0.0 |  1370
           D:8 |       0 |    3842 |   0.0 |       0 |      32 |   0.0 |  1529
           D:9 |       0 |    4376 |   0.0 |       0 |      22 |   0.0 |  1072
          D:10 |       0 |    3954 |   0.0 |       0 |      46 |   0.0 |  1082
        Lair:1 |       0 |    7401 |   0.0 |       0 |      34 |   0.0 |  1049
        Lair:2 |       0 |    3783 |   0.0 |       0 |      30 |   0.0 |  1080
        Lair:3 |       0 |   10264 |   0.0 |       0 |      34 |   0.0 |   705
        Lair:4 |       0 |    9909 |   0.0 |       0 |      39 |   0.0 |  1567
        Lair:5 |       0 |    4252 |   0.0 |       0 |      18 |   0.0 |    80
               +---------+---------+-------+---------+---------+-------+---------

Vault maps used:
D:1:      giann_bridges, minmay_tetromino_l2
D:2:      grunt_temple_overflow_growth_and_decay, lemuel_crystal_altar,
          grunt_ministairs_15
D:3:      uniq_jessica
D:4:      patterned_corridor
D:5:      grunt_temple_overflow_order_and_chaos_2, basic_altar, first_bread,
          nicolae_gozag_cash_rules_everything_around_me, uniq_eustachio
D:6:      kennysheep_kobold_camp, kennysheep_little_box,
          nicolae_overflow_crystal_walls, xom_teletrap_fun
D:7:      kennysheep_mini, minmay_temple_entry_from_below_a, serial_shops, shop
D:8:      grunt_lair_entry_orc_guard_hut, serial_shops, shop,
          blue_anna_alchemist, uniq_pikel, uniq_erica
D:9:      gammafunk_temple_overflow_pools, serial_shops, nicolae_shop_crystal,
          uniq_joseph, uniq_erolcha
D:10:     erik_orc_2, serial_shops, shop, david_defended_altar_elf
Temple:   hc_temple_tempest_star
Lair:1:   basic_altar, beast_lair_carwin_9
Lair:2:   basic_altar, roderic_batcave, beast_lair_carwin_5,
          infiniplex_staircase_pool, lemuel_fruit_fields
Lair:3:   uniq_nergalle
Lair:4:   elwin_shoals_entry_rocks, dummy_spider_entry, minmay_lair_oklob_items,
          nicolae_quartered_pool_super, grunt_megastairs_3, lemuel_fruit_fields
Lair:5:   minmay_slime_entry_pillars, bobbens_dragon_lair_wall, uniq_snorg

Table legend:
 A = Turns spent in this place as a percentage of turns spent in the entire game.
 B = Non-inter-level travel turns spent in this place as a percentage of non-inter-level travel turns spent in the entire game.
 C = Inter-level travel turns spent in this place as a percentage of turns spent in this place.
 D = Turns resting spent in this place as a percentage of non-inter-level travel turns spent in this place.
 E = Turns spent auto-exploring this place as a percentage of non-inter-level travel turns spent in this place.
 F = Non-inter-level travel turns spent in this place divided by the number of levels of this place that you've seen.
                   A       B       C       D       E      F
               +-------+-------+-------+-------+-------+----------------------
         Total | 100.0 | 100.0 |   4.1 |  30.3 |  49.7 | 975.4
       Dungeon |  71.5 |  70.9 |   5.0 |  29.2 |  51.0 | 1106.4
        Temple |   1.0 |   0.8 |  17.1 |   0.0 |  93.1 | 131.0
          Lair |  27.5 |  28.3 |   1.6 |  34.1 |  45.0 | 882.2
               +-------+-------+-------+-------+-------+----------------------

Table legend:
 A = Kills in this place as a percentage of kills in entire the game.
 B = Kills by you in this place as a percentage of kills by you in the entire game.
 C = Kills by friends in this place as a percentage of kills by friends in the entire game.
 D = Other kills in this place as a percentage of other kills in the entire game.
 E = Experience gained in this place as a percentage of experience gained in the entire game.
 F = Experience gained in this place divided by the number of levels of this place that you have seen.
                   A       B       C       D       E      F
               +-------+-------+-------+-------+-------+----------------------
         Total | 100.0 | 100.0 | 100.0 |   N/A | 100.0 | 3185.2
       Dungeon |  63.4 |  71.7 |  18.2 |   N/A |  30.1 | 1535.5
          Lair |  36.6 |  28.3 |  81.8 |   N/A |  69.9 | 7121.8
               +-------+-------+-------+-------+-------+----------------------
